 Dungeon Crawl Stone Soup version 0.31-a0-965-g8a8ce12e04 (webtiles) character file.

Game seed: 1863198977104766142

209 chunkyMonkey the Trooper (level 5, 0/59 HPs)
             Began as an Ogre Fighter on Oct 26, 2023.
             Slain by Edmund
             ... wielding a +1 dire flail of protection
              (6 damage)
             ... on level 4 of the Dungeon.
             The game lasted 00:05:30 (3454 turns).

chunkyMonkey the Trooper (Ogre Fighter)             Turns: 3454, Time: 00:05:30

Health: 0/59       AC:  3    Str: 20    XL:     5   Next: 87%
Magic:  5/5        EV:  9    Int:  9    God:
Gold:   166        SH:  9    Dex: 10    Spells: 4/4 levels left

rFire   . . .        a - +0 war axe
rCold   . . .        c - +1 kite shield
rNeg    . . .        b - +0 robe
rPois   .            (helmet restricted)
rElec   .            (no cloak)
rCorr   .            (gloves unavailable)
SInv    .            (boots unavailable)
Will    .....        (no amulet)
Stlth   +            (no ring)
HPRegen 0.29/turn    (no ring)
MPRegen 0.09/turn

%: no passive effects
@: mighty
A: large, unfitting armour, tough skin 1
a: no special abilities


You were on level 4 of the Dungeon.
You visited 1 branch of the dungeon, and saw 4 of its levels.

You collected 166 gold pieces.

Inventory:

Hand Weapons
 a - a +0 war axe (weapon)
Missiles
 l - a throwing net
Armour
 b - a +0 robe (worn)
 c - a +1 kite shield (worn)
 n - an orb of guile
Jewellery
 s - a ring of protection from fire
Scrolls
 e - a scroll of teleportation {unknown}
 m - 2 scrolls of enchant armour
 p - a scroll of identify {unknown}
 q - a scroll of enchant weapon {unknown}
 r - a scroll of fog {unknown}
Potions
 g - a potion of curing {unknown}
 h - a potion of enlightenment {unknown}
 i - a potion of invisibility {unknown}
 j - a potion of mutation {unknown}
 k - a potion of degeneration {unknown}
 o - a potion of brilliance {unknown}


   Skills:
 * Level 6.0 Fighting
 + Level 3.0 Axes
 - Level 3.0 Dodging
 * Level 4.5 Shields


You had 4 spell levels left.
You didn't know any spells.
Your spell library contained the following spells:

 Spells                   Type           Power      Damage    Failure   Level
 Lesser Beckoning         Tloc           0%         N/A       82%         2
 Gell's Gravitas          Tloc           0%         N/A       96%         3
 Teleport Other           Tloc           0%         N/A       96%         3


Dungeon Overview and Level Annotations

Branches:
Dungeon (4/15)
 Temple: D:4-7

Altars:
Uskayaw

Annotations:
D:4 Edmund


Innate Abilities, Weirdness & Mutations

You are too large for most types of armour.
You have tough skin. (AC +1)


Message History

It is a scroll of enchant armour.
Your +0 kite shield glows green for a moment.
Edmund closely misses you.
You feel very mighty all of a sudden. You block Edmund's attack.
You hit Edmund.
Edmund is heavily wounded.
You block Edmund's attack.
You closely miss Edmund.
Edmund is heavily wounded.
Edmund hits you with a +1 dire flail of protection!
Edmund hits you with a +1 dire flail of protection.
You closely miss Edmund.
Edmund is heavily wounded.
Edmund hits you with a +1 dire flail of protection.
You slash Edmund!
Edmund is heavily wounded.
Edmund closely misses you.
You barely miss Edmund.
Edmund is heavily wounded.
You block Edmund's attack. x2
You completely miss Edmund.
Edmund is heavily wounded.
Edmund hits you with a +1 dire flail of protection.
Edmund hits you with a +1 dire flail of protection!
* * * LOW HITPOINT WARNING * * *
You slash Edmund!
Edmund is almost dead.
You block Edmund's attack.
You barely miss Edmund.
Edmund is almost dead.
Edmund hits you with a +1 dire flail of protection!
* * * LOW HITPOINT WARNING * * *
Edmund closely misses you.
Okay, then.
You barely miss Edmund.
Edmund is almost dead.
Edmund hits you with a +1 dire flail of protection.
You die...
Edmund whines, "They better pay attention to me now!"

##...........#
#.#.........# #
#...####### .
#.#K..#
..##.#...#
......(..#
........##
........###
........@@#
.###.#.##).......
..... .........
#...............
#...............
#..>......).....
................
........######


You could see Edmund.

Vanquished Creatures
  A phantom (D:4)
  A sleepcap (D:4)
  3 adders
  A worm (D:3)
  2 dart slugs
  4 orcs (D:3)
  7 ball pythons
  6 endoplasms
  A giant cockroach (D:1)
  7 goblins
  9 hobgoblins
  3 jackals (D:3)
  6 quokkas
  5 bats
  6 frilled lizards
  4 kobolds
  2 rats (D:1)
68 creatures vanquished.

Notes
Turn   | Place    | Note
-------+----------+-------------------------------------------
     0 | D:1      | chunkyMonkey the Ogre Fighter began the quest for the Orb.
     0 | D:1      | Reached XP level 1. HP: 24/24 MP: 1/1
    61 | D:1      | Reached XP level 2. HP: 29/32 MP: 2/2
    82 | D:1      | Found a faded altar of an unknown god.
   978 | D:2      | HP: 1/33 [adder (3)]
   990 | D:2      | Reached XP level 3. HP: 28/40 MP: 3/3
  1832 | D:2      | Reached XP level 4. HP: 39/49 MP: 4/4
  2031 | D:3      | Reached skill level 5 in Fighting
  2363 | D:3      | Found a hide-covered altar of Uskayaw.
  3057 | D:4      | Noticed a phantom
  3069 | D:4      | Killed a phantom
  3070 | D:4      | Reached XP level 5. HP: 23/59 MP: 5/5
  3410 | D:4      | Noticed Edmund
  3429 | D:4      | Reached skill level 6 in Fighting
  3454 | D:4      | Slain by Edmund

Illustrated notes

Levels and vault maps discovered:
D:1:      amcnicky_arrival_wind_blow, layout_basic,
          chequers_ecumenical_altar_simple, serial_bayou_lake_a
D:2:      layout_loops_ring, grunt_ministairs_13, minmay_octomino_c4
D:3:      layout_basic, lemuel_doored_altar, serial_park_tiny_pond,
          grunt_decor_one_mirror, minmay_goblin_kobold_house
D:4:      layout_rooms, old_standard_altar, yredelemnul_forgotten_temple_becter,
          minmay_fractal_squares_gapless_5, uniq_edmund

Skill      XL: |  1  2  3  4  5 |
---------------+----------------+-----
Dodging        | 3 |  3.0
Fighting       | 5 6 |  6.0
Shields        | 4 |  4.5
Axes           | 3 |  3.0

Action                     |  1- 3 |  4- 6 || total
---------------------------+-------+-------++-------
  Melee: War axe           |   129 |   108 ||   237
    Use: Potion            |     2 |     2 ||     4
         Scroll            |       |     1 ||     1
 Armour: Robe              |    81 |    59 ||   140
         Skin              |    12 |    18 ||    30
  Dodge: Dodged            |    46 |    30 ||    76
  Block: Kite shield       |    61 |    60 ||   121

Table legend: (Time is in decaauts)
 A = Elapsed time spent in this place.
 B = Non-inter-level travel time spent in this place.
 C = Inter-level travel time spent in this place.
 D = Time resting spent in this place.
 E = Time spent auto-exploring this place.
 F = Levels seen in this place.
 G = Mean time per level.
                   A        B        C        D        E       F      G
               +--------+--------+--------+--------+--------+-----+--------+
         Total |   3575 |   3518 |     57 |   1138 |   1756 |   4 |  893.8 |
       Dungeon |   3575 |   3518 |     57 |   1138 |   1756 |   4 |  893.8 |
               +--------+--------+--------+--------+--------+-----+--------+

Top non-repeatable levels by time:
     D:2: 1099 daAuts
     D:3: 1091 daAuts
     D:1: 959 daAuts
     D:4: 425 daAuts
